 Dungeon Crawl Stone Soup version 0.31-a0-1447-g87ca8d402b (webtiles) character file.

Game seed: 3814803344562331750

1614494 Laraso the Skullcrusher (level 27, 314/314 HPs)
             Began as an Oni Cinder Acolyte on Dec 28, 2023.
             Was a Believer of Ignis.
             Escaped with the Orb
             ... and 3 runes!
             The game lasted 02:35:56 (73667 turns).

Laraso the Skullcrusher (Oni Cinder Acolyte)       Turns: 73667, Time: 02:35:57

Health: 314/314    AC: 33    Str: 32    XL:     27
Magic:  45/49      EV:  6    Int: 28    God:    Ignis [**....]
Gold:   5073       SH:  5    Dex:  1    Spells: 13/52 levels left

rFire   + + +        b - +10 dark maul {heavy}
rCold   + + .        (shield currently unavailable)
rNeg    + + .        m - +9 gold dragon scales
rPois   +            G - +0 hat {Will+}
rElec   .            K - scarf {rC+ rF+}
rCorr   .            (gloves unavailable)
SInv    .            (boots unavailable)
Will    +++..        s - amulet of reflection Stlth
                     (no ring)
HPRegen 0.72/turn    N - ring "Heisogh" {^Drain rN++ MP+9 Slay+4}
MPRegen 0.31/turn

%: reflection
@: studying Unarmed Combat
A: large, unfitting armour, horns 1, tough skin 1, double potion healing,
drunken brawling, clever 2, strong 1, wild magic 1, noise suppression
0: Orb of Zot
}: 3/15 runes: decaying, silver, gossamer
a: Renounce Religion, Fiery Armour, Foxfire Swarm, Rising Flame


You escaped.
You worshipped Ignis.
Ignis was pleased with you.
You visited 9 branches of the dungeon, and saw 47 of its levels.
You visited the Abyss 1 time.
You also visited: Ossuary, Ice Cave, Volcano and Desolation.

You collected 6559 gold pieces.
You spent 1486 gold pieces at shops.

Inventory:

Hand Weapons
 a - a +6 vampiric giant spiked club
 b - the +10 dark maul (weapon) {heavy}
   (You took it off a vault sentinel on level 5 of the Vaults)
Armour
 m - +9 gold dragon scales (worn)
 G - a +0 hat of willpower (worn)
 K - a scarf of resistance (worn)
Jewellery
 q - the ring of the King {Wiz Fly rCorr Int+6 Dex-2}
   (You acquired it on level 6 of the Dungeon)

   [ring of wizardry]

   Wiz:       It improves your spell success rate.
   Int+6:     It affects your intelligence (+6).
   Dex-2:     It affects your dexterity (-2).
   Fly:       It grants you flight.
   rCorr:     It protects you from acid and corrosion.
 s - an amulet of reflection (around neck)
 y - a +6 ring of intelligence
 F - a ring of see invisible
 N - the ring "Heisogh" (right hand) {^Drain rN++ MP+9 Slay+4}
   (You found it in the Desolation of Salt)

   [ring of magical power]

   Slay+4:    It affects your accuracy & damage with ranged weapons and melee
   (+4).
   rN++:      It greatly protects you from negative energy.
   MP+9:      It affects your magic capacity (+9).
   ^Drain:    It drains your maximum health when unequipped.
 U - an amulet of guardian spirit
Wands
 e - a wand of mindburst (32)
 p - a wand of roots (51)
 B - a wand of polymorph (18)
 D - a wand of charming (15)
 E - a wand of quicksilver (47)
 H - a wand of digging (16)
 J - a wand of flame (74)
Scrolls
 c - 19 scrolls of teleportation
 j - 3 scrolls of immolation
 o - 6 scrolls of vulnerability
 u - 2 scrolls of poison
 w - 3 scrolls of torment
 z - 4 scrolls of blinking
 C - 4 scrolls of fog
 L - a scroll of amnesia
 O - 47 scrolls of identify
 P - 5 scrolls of noise
 S - a scroll of silence
 W - 3 scrolls of butterflies
Potions
 d - 27 potions of curing
 f - 5 potions of brilliance
 g - 5 potions of mutation
 h - 4 potions of haste
 i - 12 potions of invisibility
 k - 10 potions of enlightenment
 l - 8 potions of attraction
 n - 4 potions of berserk rage
 r - a potion of experience
 t - 8 potions of ambrosia
 v - 4 potions of resistance
 x - 11 potions of heal wounds
 A - 8 potions of might
 I - 4 potions of lignification
 T - a potion of magic
 V - 6 potions of cancellation
Miscellaneous
 Q - a phial of floods
 R - a sack of spiders


   Skills:
 * Level 25.1 Fighting
 O Level 27 Maces & Flails
 + Level 20.9 Armour
 + Level 13.1 Spellcasting
 - Level 0.7 Hexes
 - Level 12.0 Summonings
 - Level 10.0 Necromancy
 - Level 12.0 Translocations
 - Level 3.0 Fire Magic
 - Level 9.0 Air Magic
 - Level 12.0 Earth Magic


You had 13 spell levels left.
You knew the following spells:

 Your Spells              Type           Power      Damage    Failure   Level
a - Manifold Assault      Tloc           84%        N/A       3%          4
b - Animate Armour        Summ/Erth      100%       N/A       3%          4
c - Sublimation of Blood  Necr           77%        N/A       1%          2
d - Vampiric Draining     Necr           77%        2d11      2%          3
e - Fugue of the Fallen   Necr           77%        N/A       2%          3
f - Passage of Golubria   Tloc           84%        N/A       3%          4
g - Summon Mana Viper     Hex/Summ       63%        N/A       52%         5
h - Summon Cactus Giant   Summ           42%        N/A       34%         6
r - Borgnjor's Vile Clut  Necr/Erth      40%        N/A       11%         5
s - Swiftness             Air            73%        N/A       3%          3

Your spell library contained the following spells:

 Spells                   Type           Power      Damage    Failure   Level
 Necrotise                Necr           100%       1d9       1%          1
 Lesser Beckoning         Tloc           100%       N/A       1%          2
 Call Canine Familiar     Summ           84%        N/A       1%          3
 Gell's Gravitas          Tloc           84%        N/A       1%          3
 Teleport Other           Tloc           84%        N/A       1%          3
 Cigotuvi's Dreadful Rot  Necr/Alch/Air  100%       N/A       4%          2
 Kiss of Death            Conj/Necr      100%       2d13      5%          1
 Momentum Strike          Conj/Tloc      100%       3d10      5%          2
 Summon Lightning Spire   Summ/Air       79%        N/A       5%          4
 Vhi's Electric Charge    Tloc/Air       100%       N/A       5%          4
 Shock                    Conj/Air       100%       1d9       6%          1
 Animate Dead             Necr           77%        N/A       6%          4
 Dispel Undead            Necr           77%        3d25      6%          4
 Lee's Rapid Deconstruct  Erth           42%        3d20*     8%          5
 Summon Ice Beast         Ice/Summ       61%        N/A       10%         3
 Airstrike                Air            36%        2d(6-22)  10%         4
 Scorch                   Fire           90%        2d8       16%         2
 Summon Blazeheart Golem  Fire/Summ      68%        N/A       16%         4
 Curse of Agony           Necr           77%        N/A       16%         5
 Slow                     Hex            100%       N/A       24%         1
 Dimensional Bullseye     Hex/Tloc       31%        N/A       24%         4
 Mephitic Cloud           Conj/Alch/Air  45%        N/A       28%         3
 Brom's Barrelling Bould  Conj/Erth      61%        2d8       28%         4
 Leda's Liquefaction      Alch/Erth      30%        N/A       28%         4
 Petrify                  Alch/Erth      61%        N/A       28%         4
 Magic Dart               Conj           92%        1d7       32%         1
 Sting                    Conj/Alch      92%        1d8       32%         1
 Jinxbite                 Hex            58%        N/A       34%         2
 Anguish                  Hex/Necr       29%        N/A       34%         4
 Confusing Touch          Hex            29%        N/A       54%         3
 Sigil of Binding         Hex            29%        N/A       54%         3
 Tukima's Dance           Hex            29%        N/A       54%         3
 Dazzling Flash           Conj/Hex       52%        N/A       61%         3
 Frozen Ramparts          Ice            46%        1d7       65%         3
 Hailstorm                Conj/Ice       23%        3d7       65%         3
 Ozocubu's Armour         Ice            23%        N/A       65%         3
 Silence                  Hex/Air        28%        N/A       73%         5
 Arcjolt                  Conj/Air       27%        1d37      78%         5
 Flame Wave               Conj/Fire      34%        2d10      83%         4
 Ignite Poison            Fire/Alch      34%        N/A       83%         4
 Monstrous Menagerie      Summ           42%        N/A       87%         7
 Cause Fear               Hex            14%        N/A       90%         4
 Freezing Cloud           Conj/Ice/Air   22%        6-21      92%         5
 Haunt                    Necr/Summ      40%        N/A       95%         7
 Bombard                  Conj/Erth      30%        9d5       98%         6
 Plasma Beam              Fire/Air       30%        2x1d43    98%         6
 Fireball                 Conj/Fire      17%        3d9       99%         5
 Irradiate                Conj/Alch      11%        3d15      100%        5
 Iskenderun's Battlesphe  Conj           23%        2d8       100%        5
 Metabolic Englaciation   Hex/Ice        13%        N/A       100%        5
 Yara's Violent Unravell  Hex/Alch       13%        3d7       100%        5
 Conjure Ball Lightning   Conj/Air       27%        3x3d8     100%        6
 Sculpt Simulacrum        Ice/Alch       11%        N/A       100%        6
 Enfeeble                 Hex            14%        N/A       100%        7
 Orb of Destruction       Conj           11%        9d6       100%        7
 Ozocubu's Refrigeration  Ice            11%        4d10      100%        7
 Spellforged Servitor     Conj/Summ      30%        N/A       100%        7
 Borgnjor's Revivificati  Necr           38%        N/A       100%        8
 Discord                  Hex            14%        N/A       100%        8
 Ignition                 Fire           22%        3d8       100%        8
 Infestation              Necr           38%        N/A       100%        8
 Lehudib's Crystal Spear  Conj/Erth      30%        10d8      100%        8
 Maxwell's Capacitive Co  Air            36%        ∞         100%        8
 Death's Door             Necr           38%        N/A       100%        9
 Dragon's Call            Summ           42%        N/A       100%        9
 Polar Vortex             Ice            11%        12d1*     100%        9


Dungeon Overview and Level Annotations

Branches:
Dungeon (15/15)            Temple (0/1) D:4            Lair (5/5) D:8
  Swamp (4/4) Lair:2       Spider (4/4) Lair:3        Slime (0/5) Lair:4
    Orc (2/2) D:11            Elf (0/3) Orc:2        Vaults (5/5) D:13
  Crypt (3/3) Vaults:3       Tomb (0/3) Crypt:3      Depths (4/4) D:15
    Zot (5/5) Depths:4    Ossuary (visited)           IceCv (visited)
Volcano (visited)         Desolation (visited)

Altars:
Cheibriados
Elyvilon
Fedhas
Gozag
Hepliaklqana
Kikubaaqudgha
Nemelex Xobeh
Sif Muna
Trog
Uskayaw
Vehumet
Xom
Yredelemnul
Lugonu

Shops:
D:4 *   D:14 (   D:15 *   Orc:2 !!=(   Vaults:1 [   Vaults:4 (   Vaults:5 (
Depths:3 [

Portals:
Hell: Depths:1 Depths:3 Depths:4
Abyss: Depths:1 Depths:3
Pandemonium: Orc:2 Depths:2
Ziggurat: Depths:3
Trove: Vaults:3 (give +3 shadow dragon scales)

Annotations:
Crypt:2 2 transporters, Omoexics's ghost, veteran DsGl
Zot:2 1 runed translucent door, bmb222's ghost, legendary OnSh
Zot:3 6 transporters, 3 runed translucent doors, jestert79's ghost, master OnAl


Innate Abilities, Weirdness & Mutations

You are too large for most types of armour.
You have a pair of small horns on your head.
You have tough skin. (AC +1)
You gain doubled healing and magic from potions.
Whenever you drink a healing potion, you attack all around you.
Your mind is very acute. (Int +8, Str/Dex -2)
Your muscles are strong. (Str +4, Int/Dex -1)
Your spells are a little harder to cast, but a little more powerful.
You passively dampen the noise of your surroundings.


Message History

The red ugly thing is almost dead.
The red ugly thing closely misses you.
You impale the red ugly thing!!
You feel better.
You kill the red ugly thing!
You closely miss the blink frog. You headbutt the blink frog!
The blink frog is heavily wounded.
The blink frog barely misses you.
You perforate the blink frog like a sieve!!!!
You kill the blink frog!
The blink frog hits you but does no damage.
You miss the blink frog. Your headbutt misses the blink frog.
You block the blink frog's attack.
You closely miss the blink frog. You block the blink frog's attack.
You miss the blink frog.
The blink frog hits you but does no damage.
You impale the blink frog!!
You feel better.
You kill the blink frog!
You barely miss the blink frog. Your headbutt misses the blink frog.
The blink frog blinks!
Casting: Manifold Assault (mildly dangerous; 3% risk of failure)
Confirm with . or Enter, or press ? or * to list all spells.
Space momentarily warps into an impossible shape!
You flatten the blink frog like a pancake!!!
You kill the blink frog!
Unknown command.
Found a gateway leading out of the Abyss.
There is a gateway leading out of the Abyss here.
Your memory of the abyssal rune fades away.
You pass through the gate.
Welcome back to the Dungeon!
The small abomination hits you but does no damage. x2
Unknown command.
There is a staircase leading out of the dungeon here.
You feel the dreadful sensation subside.
b - the +10 dark maul (weapon)
{heavy} The small abomination hits you but does no damage.
Unknown command.
You can't go down here!
The small abomination hits you but does no damage.
You have escaped!

...........####### #...###......
.....###.........######.........#
..>..###†#.#####....###..###.####
.....##..#.....####......###.####
)....#...#>................#.#...
.......#.....≈≈≈≈≈≈≈.............
.....##.....≈≈.....≈≈............
.....##....≈≈.......≈≈...........
....#.....≈≈..8.@..♣.≈≈..........
..........≈.....x..8..≈..).......
..........≈...........≈....†..###
..........≈≈.♣.......≈≈..#..###
...........≈≈..8....≈≈......#
.........#..≈≈..&..≈≈....#..#
........###..≈≈≈.≈≈≈........#####
.###.##.# #.............#.#.....#
.###.##.###......................


You could see Ysatuy and a small abomination.

Vanquished Creatures
  5 orbs of fire (Zot:5)
  2 dread liches
  2 ancient liches (Zot:5)
  Xtahua (Vaults:2)
  Boris (Crypt:2)
  5 Killer Klowns
  Bai Suzhen (Crypt:1)
  Josephina (Crypt:2)
  the Lernaean hydra (Swamp:4)
  A caustic shrike (Depths:1)
  Saint Roka (Crypt:1)
  3 curse toes
  A profane servitor (Crypt:3)
  7 golden dragons
  Jory (Crypt:1)
  A bone dragon (Depths:4)
  3 electric golems
  A Brimstone Fiend (Depths:4)
  An Ice Fiend (D:11)
  9 tentacled monstrosities
  2 liches
  Jorgrun (Orc:2)
  3 titans
  26 Orb Guardians
  7 quicksilver dragons
  7 sphinxes
  7 death cobs
  Kirke (Lair:3)
  2 thorn hunters
  An Executioner (D:14)
  12 ancient champions
  8 shadow dragons
  5 revenants
  2 azure jellies (IceCv)
  6 fire giants
  The ghost of Laraso the Scorcher, an adept OnCA of Ignis (Orc:2)
  9 tengu reavers
  8 draconian monks
  11 storm dragons
  13 vault wardens
  2 iron dragons
  6 frost giants
  5 draconian scorchers
  2 draconian knights
  8 ghost moths
  5 draconian shifters
  3 emperor scorpions
  A spectral juggernaut (Crypt:1)
  An angel (Zot:2)
  5 draconian stormcallers
  13 ghouls
  5 curse skulls
  2 reapers
  2 cacodemons
  A balrug (Depths:4)
  15 stone giants
  9 very ugly things
  4 broodmothers
  2 formless jellyfish
  8 draconian annihilators
  A quicksilver ooze (IceCv)
  A juggernaut skeleton (Crypt:2)
  2 spriggan defenders
  9 green draconians
  17 ironbound preservers
  12 vampire knights
  18 black draconians
  3 ironbound thunderhulks
  A spectral titan (Crypt:1)
  5 deep elf death magi
  A caustic shrike skeleton (Crypt:3)
  An eleionoma (Swamp:4)
  3 dire elephants (Vaults:2)
  Azrael (Orc:1)
  3 halazid warlocks (Desolation)
  13 white draconians
  A demonspawn black sun (D:9)
  12 yellow draconians
  7 purple draconians
  5 red draconians
  7 eidola
  5 bunyips
  2 spark wasps (Depths:4)
  A merfolk javelineer (Depths:4)
  A blizzard demon (Depths:2)
  Snorg (Orc:1)
  A crystal guardian (Vaults:3)
  A mummy priest (Crypt:3)
  A quicksilver dragon zombie (Crypt:2)
  11 ettins
  A spectral iron giant (Crypt:1)
  8 yaktaur captains
  2 fire dragons
  2 ragged hierophants (Desolation)
  4 deep elf high priests
  A spectral spriggan (Crypt:1)
  11 jiangshi
  8 great orbs of eyes
  Fannar (D:10)
  7 entropy weavers
  19 hydras
  2 demonspawn (Orc:2)
  A hell beast (Crypt:1)
  9 ice dragons
  A salamander tyrant (Depths:4)
  14 alligators
  24 vault guards
  9 peacekeepers
  2 spriggan skeletons
  A ghost crab (Swamp:2)
  Erica (Orc:1)
  3 servants of whispers (Desolation)
  6 death knights
  4 ironbound frosthearts
  4 spriggan air magi
  14 centaur warriors
  10 boulder beetles
  A dancing weapon (D:13)
  3 radroaches
  3 deep troll shamans (Depths:1)
  An anaconda (shapeshifter) (Vaults:5)
  5 death yaks (Lair:5)
  8 tengu warriors
  3 two-headed ogres
  11 demonic crawlers
  A hell hog (Lair:5)
  5 spriggan berserkers
  3 deep troll earth magi
  A spectral dire elephant (Crypt:1)
  12 vampire magi
  6 orc high priests
  4 sun demons
  A soul eater (Crypt:3)
  An occultist (Depths:2)
  18 spriggans
  7 hell knights
  2 fire crabs
  4 iron trolls
  Amaemon (D:8)
  7 shadow wraiths
  3 pharaoh ants
  A ghost moth zombie (Crypt:3)
  2 goliath frogs
  2 sixfirhies
  26 skeletal warriors
  A salamander mystic (Depths:3)
  A sea snake (shapeshifter) (Vaults:5)
  A death drake (shapeshifter) (Depths:1)
  A spectral anaconda (Crypt:1)
  8 flayed ghosts
  9 spriggan druids
  38 deep trolls
  8 orb spiders
  A shadow demon (Zot:5)
  A golden dragon zombie (Crypt:1)
  2 glowing orange brains
  3 spriggan simulacra
  13 swamp dragons
  9 orc knights
  13 bog bodies
  18 ironbound convokers
  6 steelbarb worms
  2 tengu zombies
  14 phantasmal warriors
  3 lindwurms (Vaults:1)
  A sun moth (Spider:1)
  8 harpies (Vaults:2)
  4 necromancers
  3 oklob plants (Lair:4)
  3 arcanists
  9 orc sorcerers
  16 wolf spiders
  A salamander (Depths:4)
  2 deep elf pyromancers
  A fire giant zombie (Crypt:1)
  17 ugly things
  A frost giant zombie (Crypt:3)
  9 large abominations
  2 will-o-the-wisps (Swamp:3)
  4 cyclopes
  A shadow dragon skeleton (Crypt:3)
  3 stone giant zombies
  A spectral centaur (Crypt:1)
  2 kobold blastminers (Orc:2)
  10 meliai
  A goliath frog skeleton (Crypt:1)
  2 ice statues (IceCv)
  8 elephants
  2 manticores
  19 moths of wrath
  26 slime creatures
  6 guardian serpents (Desolation)
  16 vault sentinels
  An eye of devastation (shapeshifter) (Vaults:4)
  2 stone giant skeletons
  A centaur zombie (Crypt:3)
  A rust devil (Orc:2)
  4 torpor snails
  5 black mambas
  2 smoke demons
  A black mamba (shapeshifter) (D:15)
  7 cane toads
  Maggie (D:6)
  3 orange demons
  A molten gargoyle (Volcano)
  16 nameless horrors
  8 rime drakes
  2 kobold demonologists (D:11)
  21 yaktaurs
  A dire elephant skeleton (Crypt:1)
  An alligator snapping turtle skeleton (Crypt:3)
  A tormentor (D:14)
  11 freezing wraiths
  2 efreet
  A red draconian skeleton (Crypt:2)
  8 komodo dragons
  A mana viper zombie (Crypt:3)
  A bunyip simulacrum (Crypt:1)
  A white draconian skeleton (Crypt:2)
  An ancient zyme (Abyss:4)
  5 tengu conjurers
  4 red devils
  9 guardian mummies (Crypt:3)
  A hellwing (Orc:2)
  A spectral harpy (Crypt:1)
  A harpy zombie (Crypt:2)
  11 polar bears
  5 trolls
  A fire dragon zombie (Crypt:1)
  9 hornets
  13 tarantellas
  Prince Ribbit (D:8)
  44 saltlings
  10 tyrant leeches
  22 blink frogs
  A meliai zombie (Crypt:2)
  A dream sheep (Lair:5)
  22 jumping spiders
  9 raiju
  An ettin skeleton (Crypt:3)
  2 water elementals (Depths:4)
  A centaur simulacrum (Crypt:3)
  A shadow (D:9)
  11 culicivoras
  A ynoxinul (Abyss:4)
  4 fire elementals (Orc:1)
  9 wraiths
  7 basilisks
  6 hogs
  7 wargs
  27 yaks
  6 vampires (Crypt:3)
  A dire elephant simulacrum (Crypt:2)
  9 fire bats
  4 steam dragons
  6 vampire mosquitoes
  2 black mamba skeletons (Crypt:1)
  A slime creature zombie (Crypt:2)
  5 wyverns
  38 redbacks
  A death yak simulacrum (Lair:4)
  A basilisk (shapeshifter) (D:14)
  A chaos spawn (Zot:4)
  A deep troll zombie (Crypt:1)
  A naga zombie (Crypt:1)
  18 swamp worms
  An ogre zombie (Vaults:4)
  3 great orb of eyes simulacra (IceCv)
  4 acid dragons
  Duvessa (D:5)
  18 water moccasins
  23 hell hounds
  12 swamp drakes
  25 orc warriors
  13 black bears
  3 sky beasts
  11 boggarts
  4 laughing skulls (Crypt:1)
  8 ogres
  20 wolves
  2 slime creature simulacra (IceCv)
  7 kobold brigands
  2 weeping skulls
  17 bullfrogs
  A gnoll sergeant (D:7)
  5 necrophages
  3 glowing shapeshifter simulacra
  A cane toad simulacrum (Lair:4)
  3 scorpions
  8 small abominations
  A naga simulacrum (Crypt:1)
  A cyclops skeleton (Crypt:3)
  Dowan (D:5)
  A raiju zombie (Crypt:2)
  20 killer bees
  4 lava snakes (Volcano)
  4 electric eels
  4 howler monkeys
  4 human zombies
  7 jellies
  2 hounds
  25 orc priests
  A gnoll bouda (D:7)
  22 orc wizards
  8 iguanas
  2 shapeshifter simulacra (IceCv)
  A sky beast zombie (Crypt:2)
  2 crocodile zombies
  4 hound zombies (Ossuary)
  3 mummies (Ossuary)
  12 gnolls
  A steam dragon zombie (Crypt:3)
  4 adders
  A howler monkey skeleton (Crypt:2)
  A swamp drake zombie (Crypt:1)
  A worm zombie (Crypt:3)
  6 adder zombies (Ossuary)
  A worm (shapeshifter) (D:13)
  5 worms
  3 dart slugs
  95 orcs
  13 endoplasms
  A giant cockroach (D:2)
  A gnoll zombie (Ossuary)
  7 goblins
  4 hobgoblins
  5 jackals
  A quokka (D:1)
  4 ball pythons (D:3)
  5 ball python zombies (Ossuary)
  4 bats
  2 frilled lizards (D:1)
  A gnoll skeleton (Crypt:3)
  2 jackal zombies (Ossuary)
  28 kobolds
  3 kobold zombies (Ossuary)
  3 orc zombies (Ossuary)
  A quokka skeleton (Crypt:2)
  2 rats
2043 creatures vanquished.

Vanquished Creatures (collateral kills)
  A dread lich (Vaults:4)
  2 ancient liches (Vaults:4)
  3 caustic shrikes (Depths:1)
  2 golden dragons
  A bone dragon (Abyss:4)
  Arachne (Spider:2)
  A tentacled monstrosity (Depths:1)
  3 titans
  A sphinx (Vaults:5)
  2 shadow dragons
  2 fire giants
  3 storm dragons
  3 tengu reavers
  3 vault wardens
  A ghost moth (Spider:4)
  5 emperor scorpions
  4 ironbound preservers
  2 vampire knights (Depths:1)
  2 ironbound thunderhulks
  4 stone giants
  A spark wasp (shapeshifter) (Vaults:4)
  A red draconian (Zot:2)
  2 spark wasps
  4 ettins
  5 ragged hierophants (Desolation)
  A crystal guardian (Desolation)
  An entropy weaver (Spider:3)
  A deep elf high priest (Vaults:4)
  A yaktaur captain (Vaults:2)
  A great orb of eyes (Vaults:4)
  An ice dragon (Depths:1)
  3 peacekeepers (Desolation)
  4 servants of whispers (Desolation)
  6 vault guards
  A jorogumo (Spider:3)
  3 ironbound frosthearts
  2 centaur warriors (Vaults:1)
  3 deep troll shamans
  A deep troll earth mage (Depths:4)
  A tengu warrior (Depths:2)
  3 spriggan berserkers
  An occultist (Depths:2)
  18 deep trolls
  2 iron trolls (Depths:1)
  A glowing orange brain (Depths:4)
  A large abomination (Abyss:4)
  2 sun moths
  An arcanist (Vaults:4)
  5 ironbound convokers
  A spriggan druid (Depths:3)
  A necromancer (Vaults:4)
  3 harpies (Vaults:2)
  2 steelbarb worms (Spider:4)
  An orc knight (Vaults:5)
  5 wolf spiders
  3 ugly things
  A guardian serpent (Desolation)
  2 slime creatures (Vaults:3)
  3 vault sentinels (Vaults:1)
  11 yaktaurs
  A merfolk (shapeshifter) (Vaults:4)
  A queen bee (Spider:2)
  2 raiju (Abyss:4)
  A glass eye (Depths:1)
  17 saltlings
  2 hornets
  4 jumping spiders
  2 culicivoras
  5 spriggans
  7 redbacks
  A nameless horror (Vaults:2)
  2 wolves (Depths:2)
  10 killer bees (Spider:2)
211 creatures vanquished.

Vanquished Creatures (others)
  A fire giant (Depths:3)
  A quicksilver ooze (IceCv)
  2 jumping spiders
  A centaur simulacrum (Crypt:2)
  A human (Spider:1)
  A redback (Spider:3)
  An orc warrior (Orc:2)
  A bombardier beetle (D:5)
  2 orc wizards
  An orc (Orc:2)
  10 foxfires
22 creatures vanquished.

Grand Total: 2276 creatures vanquished

Notes
Turn   | Place    | Note
-------+----------+-------------------------------------------
     0 | D:1      | Laraso the Oni Cinder Acolyte began the quest for the Orb.
     0 | D:1      | Reached XP level 1. HP: 24/24 MP: 2/2
   174 | D:1      | Reached XP level 2. HP: 24/32 MP: 2/4
   177 | D:1      | Learned a level 2 spell: Scorch
   760 | D:2      | Reached XP level 3. HP: 39/39 MP: 0/5
  1955 | D:3      | Reached XP level 4. HP: 48/48 MP: 3/8
  2537 | D:3      | Reached skill level 4 in Maces & Flails
  2537 | D:3      | Reached skill level 1 in Armour
  2539 | D:3      | Reached XP level 5. HP: 42/54 MP: 9/9
  2543 | D:3      | Found a snail-covered altar of Cheibriados.
  2543 | D:3      | Found an opulent altar of Gozag.
  2543 | D:3      | Found a blossoming altar of Fedhas.
  2543 | D:3      | Found a bloodstained altar of Trog.
  2543 | D:3      | Found a blossoming altar of Fedhas.
  2543 | D:3      | Found a hazy altar of Hepliaklqana.
  2736 | D:3      | Reached skill level 5 in Maces & Flails
  2736 | D:3      | Reached XP level 6. HP: 38/62 MP: 10/10
  3600 | D:4      | Found a staircase to the Ecumenical Temple.
  3848 | D:4      | Found Rablush's Elemental Accessories.
  3907 | D:4      | Reached skill level 6 in Maces & Flails
  3907 | D:4      | Reached XP level 7. HP: 47/70 MP: 11/11
  4183 | D:5      | Entered Level 5 of the Dungeon
  4512 | D:5      | Reached skill level 7 in Maces & Flails
  5073 | D:5      | Reached XP level 8. HP: 67/78 MP: 12/12
  5203 | D:5      | Found a shimmering blue altar of Sif Muna.
  5324 | D:5      | Reached skill level 8 in Maces & Flails
  5522 | D:5      | Found a white marble altar of Elyvilon.
  5526 | D:5      | Found a blossoming altar of Fedhas.
  5526 | D:5      | Found an opulent altar of Gozag.
  5529 | D:5      | Found a radiant altar of Vehumet.
  5554 | D:5      | Noticed Dowan
  5576 | D:5      | Noticed Duvessa
  5587 | D:5      | Killed Duvessa
  5595 | D:5      | Killed Dowan
  5912 | D:6      | Noticed Maggie
  5927 | D:6      | Killed Maggie
  5928 | D:6      | Reached skill level 9 in Maces & Flails
  5928 | D:6      | Reached skill level 5 in Armour
  5999 | D:6      | Found a sand-covered staircase.
  6004 | Ossuary  | Entered an ossuary
  6040 | Ossuary  | Reached XP level 9. HP: 84/84 MP: 13/13
  6334 | D:6      | Identified a scroll of acquirement
  6334 | D:6      | Acquired the ring of the King {Wiz Fly rCorr Int+6 Dex-2}
  6764 | D:6      | Gained mutation: You are agile. (Dex +4, Str/Int -1)
                  | [potion of mutation]
  6764 | D:6      | Gained mutation: You possess an exceptional clarity of
                  | mind. [potion of mutation]
  6764 | D:6      | Gained mutation: You are partially covered in large bone
                  | plates. (SH +4) [potion of mutation]
  6937 | D:7      | Reached skill level 10 in Maces & Flails
  7419 | D:7      | Found a hide-covered altar of Uskayaw.
  7453 | D:7      | Reached skill level 11 in Maces & Flails
  7780 | D:8      | Reached XP level 10. HP: 92/92 MP: 14/14
  7889 | D:8      | Found a staircase to the Lair.
  7892 | D:8      | Noticed a fire crab
  7902 | D:8      | Killed a fire crab
  7967 | D:8      | Learned a level 3 spell: Swiftness
  7993 | D:8      | Noticed an orange demon
  7993 | D:8      | Noticed Amaemon
  8000 | D:8      | Killed Amaemon
  8001 | D:8      | Reached skill level 12 in Maces & Flails
  8003 | D:8      | Killed an orange demon
  8035 | D:8      | Noticed Prince Ribbit
  8043 | D:8      | Killed Prince Ribbit
  8554 | D:9      | Reached skill level 13 in Maces & Flails
  8602 | D:9      | Noticed an arcanist
  8608 | D:9      | Killed an arcanist
  8612 | D:9      | Noticed a large abomination
  8612 | D:9      | Noticed a large abomination
  8629 | D:9      | Reached XP level 11. HP: 100/100 MP: 15/15
  8634 | D:9      | Killed a large abomination
  8635 | D:9      | Reached skill level 14 in Maces & Flails
  8645 | D:9      | Noticed a large abomination
  8658 | D:9      | Killed a large abomination
  8889 | D:9      | Identified the +7 hand axe of Karma {antimagic, rF+}
  9035 | D:9      | Reached skill level 15 in Maces & Flails
  9136 | D:9      | Found a shimmering altar of Xom.
  9237 | D:9      | Noticed a two-headed ogre
  9245 | D:9      | Killed a two-headed ogre
  9377 | D:10     | Entered Level 10 of the Dungeon
  9539 | D:10     | Noticed Fannar
  9571 | D:10     | Killed Fannar
  9754 | D:10     | Noticed a two-headed ogre
  9757 | D:10     | Killed a two-headed ogre
  9799 | D:10     | Reached skill level 16 in Maces & Flails
 10163 | Lair:1   | Entered Level 1 of the Lair of Beasts
 10674 | Lair:1   | Reached XP level 12. HP: 109/109 MP: 16/16
 10885 | Lair:1   | Reached skill level 5 in Fighting
 11011 | Lair:1   | Noticed a seven-headed hydra
 11015 | Lair:1   | Killed a seven-headed hydra
 11344 | Lair:2   | Noticed a seven-headed hydra
 11353 | Lair:2   | Killed a seven-headed hydra
 11571 | Lair:2   | Found a staircase to the Swamp.
 11601 | Lair:2   | Reached skill level 17 in Maces & Flails
 12171 | Lair:3   | Found a hole to the Spider Nest.
 12399 | Lair:3   | Reached XP level 13. HP: 118/127 MP: 17/17
 12903 | Lair:4   | Found a dark tunnel.
 12930 | Lair:4   | Reached skill level 18 in Maces & Flails
 12944 | Volcano  | Entered a volcano
 13266 | Volcano  | Found a burning altar of Makhleb.
 13291 | Volcano  | Found a burning altar of Makhleb.
 13371 | Lair:4   | Reached skill level 10 in Armour
 13544 | Lair:4   | Found a frozen archway.
 13560 | IceCv    | Entered an ice cave
 13822 | IceCv    | Reached skill level 10 in Fighting
 13827 | IceCv    | Got Banahoel's Tractate on Hypothermia
 13910 | IceCv    | Noticed a quicksilver ooze
 13918 | IceCv    | Killed a quicksilver ooze
 14018 | IceCv    | Noticed a quicksilver ooze
 14020 | IceCv    | Killed a quicksilver ooze
 14161 | IceCv    | Found a viscous altar of Jiyva.
 14161 | IceCv    | Noticed an azure jelly
 14170 | IceCv    | Killed an azure jelly
 14175 | IceCv    | Noticed an azure jelly
 14181 | IceCv    | Killed an azure jelly
 14195 | IceCv    | Got the ring "Hinkokimm" {Ice Dex+4}
 14754 | Lair:4   | Reached skill level 19 in Maces & Flails
 14754 | Lair:4   | Reached XP level 14. HP: 121/144 MP: 18/18
 15005 | Lair:4   | Found a staircase to the Slime Pits.
 15193 | Lair:5   | Entered Level 5 of the Lair of Beasts
 16160 | Lair:5   | Reached skill level 20 in Maces & Flails
 16954 | D:11     | Found a staircase to the Orcish Mines.
 17030 | D:11     | Reached XP level 15. HP: 156/156 MP: 19/19
 17576 | D:11     | You fall into a shaft and drop 3 floors!
 17650 | D:13     | Found a gate to the Vaults.
 17814 | D:11     | Found a corrupted altar of Lugonu.
 17829 | D:11     | Reached skill level 21 in Maces & Flails
 17840 | D:11     | Learned a level 4 spell: Animate Armour
 18996 | D:14     | Found Kaipuj's Weapon Emporium.
 19043 | D:14     | Found a runed translucent door.
 19044 | D:14     | Identified the +7 sling of Xahogod {elec, rC+ Int+5}
 19138 | D:14     | Got the Exposition on the Faeries
 19141 | D:14     | Got the Dissertation on Hot Battling
 19844 | D:15     | Entered Level 15 of the Dungeon
 20193 | D:15     | Found Ninaduruor's Mayhem Merchandise.
 20448 | D:15     | Reached skill level 22 in Maces & Flails
 20703 | D:15     | Found a staircase to the Depths.
 20706 | D:15     | Reached XP level 16. HP: 146/165 MP: 20/20
 20747 | Depths:1 | Entered Level 1 of the Depths
 20854 | Orc:1    | Entered Level 1 of the Orcish Mines
 21152 | Orc:1    | Noticed Erica
 21167 | Orc:1    | Killed Erica
 21348 | Orc:2    | Entered Level 2 of the Orcish Mines
 21348 | Orc:2    | Noticed Azrael
 21722 | Orc:1    | Killed Azrael
 22046 | Orc:2    | Reached skill level 5 in Spellcasting
 22119 | Orc:2    | Found Ledunnok's Distillery.
 22124 | Orc:2    | Found Dautiwae's Distillery.
 22429 | Orc:2    | Paralysed by an orc sorcerer for 4 turns
 22451 | Orc:2    | Reached skill level 1 in Air Magic
 22840 | Orc:2    | Found a staircase to the Elven Halls.
 23423 | Orc:2    | Found a runed translucent door.
 23432 | Orc:2    | Noticed Laraso's ghost (adept OnCA)
 23490 | Orc:2    | Found Cipsoydd's Jewellery Boutique.
 23490 | Orc:2    | Found a one-way gate leading to the halls of Pandemonium.
 23490 | Orc:2    | Found Yplaci Iromm's Antique Weapon Shop.
 23793 | Orc:2    | Killed Laraso's ghost
 23873 | Orc:1    | Noticed Jorgrun
 23881 | Orc:2    | Killed Jorgrun
 23967 | Orc:1    | Noticed Snorg
 23978 | Orc:1    | Killed Snorg
 24414 | Swamp:1  | Entered Level 1 of the Swamp
 24499 | Swamp:1  | Reached skill level 5 in Air Magic
 24522 | Swamp:1  | You are sucked into a shaft and drop 1 floor!
 26118 | Swamp:3  | Reached XP level 17. HP: 172/172 MP: 26/26
 26289 | Swamp:3  | Reached skill level 15 in Armour
 26798 | Orc:2    | Bought a potion of curing for 42 gold pieces
 26798 | Orc:2    | Bought a potion of might for 56 gold pieces
 26798 | Orc:2    | Bought 2 potions of curing for 84 gold pieces
 26798 | Orc:2    | Bought a potion of heal wounds for 70 gold pieces
 26798 | Orc:2    | Bought 2 potions of curing for 84 gold pieces
 26798 | Orc:2    | Bought a potion of haste for 140 gold pieces
 26798 | Orc:2    | Bought a potion of curing for 42 gold pieces
 26798 | Orc:2    | Bought a potion of haste for 140 gold pieces
 26798 | Orc:2    | Bought a potion of cancellation for 112 gold pieces
 26800 | Orc:2    | Bought a potion of berserk rage for 70 gold pieces
 26800 | Orc:2    | Bought a potion of curing for 42 gold pieces
 26800 | Orc:2    | Bought a potion of haste for 140 gold pieces
 26800 | Orc:2    | Bought a potion of resistance for 140 gold pieces
 26800 | Orc:2    | Bought a potion of might for 56 gold pieces
 26800 | Orc:2    | Bought 2 potions of heal wounds for 140 gold pieces
 27117 | Swamp:3  | Identified the +2 scale mail of the Saviour {rF+ Regen+
                  | Int+3 Stlth+}
 27283 | Swamp:4  | Entered Level 4 of the Swamp
 27961 | Swamp:3  | Reached skill level 1 in Summonings
 27961 | Swamp:3  | Reached skill level 1 in Earth Magic
 28901 | Swamp:4  | Noticed the 27-headed Lernaean hydra
 28907 | Swamp:4  | Killed the 27-headed Lernaean hydra
 28919 | Swamp:4  | Got a decaying rune of Zot
 29361 | Spider:1 | Entered Level 1 of the Spider Nest
 30233 | Spider:1 | Identified the -2 pair of gloves of Chimes {Str+4 Dex-3}
 30312 | Spider:1 | Noticed Kirke
 30751 | Lair:3   | Killed Kirke
 31353 | Spider:1 | Reached skill level 5 in Summonings
 31389 | Spider:1 | Reached skill level 5 in Earth Magic
 31389 | Spider:1 | Reached XP level 18. HP: 182/182 MP: 27/27
 32926 | Spider:3 | Noticed Arachne
 33366 | Spider:2 | Killed Arachne
 33658 | Spider:3 | Identified the +5 flail of the Hand {speed, *Slow rC+ Str+4
                  | Int+4}
 34640 | Spider:4 | Entered Level 4 of the Spider Nest
 36930 | Spider:4 | Reached XP level 19. HP: 175/189 MP: 28/28
 37584 | Spider:4 | Got a gossamer rune of Zot
 38153 | Vaults:1 | Entered Level 1 of the Vaults
 38317 | Vaults:1 | Found a crumbling gateway.
 38370 | Desolati | Entered the Desolation of Salt
 38484 | Desolati | Identified the ring "Heisogh" {^Drain rN++ MP+9 Slay+4}
 38565 | Desolati | Got the Anthology of Coruscating Anathema
 38569 | Desolati | Reached skill level 10 in Earth Magic
 38580 | Desolati | Got the Guidebook on the Icicle and Exhumation
 38585 | Desolati | Learned a level 3 spell: Fugue of the Fallen
 38596 | Desolati | Reached skill level 10 in Summonings
 38634 | Desolati | Reached skill level 1 in Necromancy
 39075 | Desolati | Identified the +5 short sword "Maurgh" {freeze, rC+ Dex+3}
 39277 | Desolati | Got Angucui's Reference Book on Telluric Impurities
 39291 | Desolati | Got the Codex of Tropical Composition
 39298 | Desolati | Learned a level 5 spell: Borgnjor's Vile Clutch
 39727 | Desolati | Identified the +8 flail "Lifebane" {freeze, rF+ Dex-5
                  | Stlth+}
 40404 | Vaults:1 | Reached XP level 20. HP: 205/205 MP: 29/29
 40433 | Vaults:1 | Reached skill level 5 in Necromancy
 40725 | Vaults:1 | Found Fukhutz's Antique Armour Shoppe.
 40733 | Vaults:1 | Bought a runed scarf for 128 gold pieces
 41152 | Vaults:2 | Noticed Xtahua
 41162 | Vaults:2 | Killed Xtahua
 41881 | Vaults:2 | Reached skill level 15 in Fighting
 43078 | Vaults:3 | Found a portal to a secret trove of treasure.
 43951 | Vaults:3 | Reached XP level 21. HP: 223/223 MP: 30/30
 44299 | Vaults:3 | Found a staircase to the Crypt.
 45114 | Vaults:4 | Learned a level 2 spell: Sublimation of Blood
 45867 | Vaults:4 | Found Tusuahau's Weapon Boutique.
 46042 | Vaults:5 | Entered Level 5 of the Vaults
 46074 | Vaults:4 | Reached skill level 10 in Necromancy
 46305 | Vaults:5 | Noticed a dread lich
 46620 | Vaults:5 | Noticed an ancient lich
 46627 | Vaults:5 | Noticed a dread lich
 46635 | Vaults:4 | Killed a dread lich
 46791 | Vaults:4 | Killed a dread lich
 47698 | Vaults:5 | Paralysed by a sphinx for 4 turns
 47989 | Vaults:5 | Noticed an ancient lich
 47992 | Vaults:5 | Reached XP level 22. HP: 240/241 MP: 31/31
 48132 | Vaults:4 | Killed an ancient lich
 48138 | Vaults:4 | Killed an ancient lich
 49675 | Vaults:5 | Identified the +9 shortbow "Ympoci" {heavy, *Corrode rN+
                  | Stlth+}
 49681 | Vaults:5 | Identified the +1 shortbow "Nirics" {freeze, rElec Int+3
                  | Stlth+}
 49924 | Vaults:5 | Noticed a golden dragon
 49945 | Vaults:5 | Killed a golden dragon
 50471 | Vaults:5 | Found Qehis's Weapon Shop.
 50669 | Vaults:5 | Identified the +3 demon blade of the Solstice {flame,
                  | Str+4}
 50685 | Vaults:5 | Paralysed by something for 3 turns
 50696 | Vaults:5 | Killed a dread lich
 52153 | Vaults:5 | Identified the +1 robe "Waorghyri" {rElec Int+2 Dex+2}
 52481 | Vaults:5 | Got a silver rune of Zot
 52607 | Vaults:5 | Learned a level 4 spell: Manifold Assault
 53022 | Depths:1 | Reached skill level 1 in Translocations
 53184 | Depths:1 | Learned a level 3 spell: Vampiric Draining
 53702 | Depths:1 | Reached XP level 23. HP: 246/254 MP: 32/32
 54013 | Depths:1 | Found a one-way gate to the infinite horrors of the Abyss.
 54103 | Depths:1 | Noticed a caustic shrike
 54103 | Depths:1 | Noticed a caustic shrike
 54111 | Depths:1 | Killed a caustic shrike
 54128 | Depths:1 | Noticed a caustic shrike
 54133 | Depths:1 | Killed a caustic shrike
 54142 | Depths:1 | Killed a caustic shrike
 54440 | Depths:1 | Found a gateway to Hell.
 54601 | Depths:1 | Reached skill level 5 in Translocations
 54663 | Depths:1 | Noticed a caustic shrike
 54669 | Depths:1 | Killed a caustic shrike
 54936 | Depths:2 | Identified the +2 robe of Poemmosh {Str+4}
 55259 | Depths:2 | Gained mutation: You occasionally shout uncontrollably at
                  | your foes. [a cacodemon]
 55265 | Depths:2 | Gained mutation: Your body sometimes deteriorates upon
                  | taking damage. [a cacodemon]
 55271 | Depths:2 | Lost mutation: You are agile. (Dex +4, Str/Int -1) [potion
                  | of mutation]
 55271 | Depths:2 | Lost mutation: You are partially covered in large bone
                  | plates. (SH +4) [potion of mutation]
 55271 | Depths:2 | Gained mutation: Your health recovers twice as slowly from
                  | being drained. [potion of mutation]
 55271 | Depths:2 | Lost dexterity.
 55271 | Depths:2 | Gained mutation: You are clumsy. (Dex -2) [potion of
                  | mutation]
 55271 | Depths:2 | Gained mutation: You passively map a small area around you.
                  | [potion of mutation]
 55275 | Depths:2 | Lost mutation: You passively map a small area around you.
                  | [potion of mutation]
 55275 | Depths:2 | Lost mutation: Your body sometimes deteriorates upon taking
                  | damage. [potion of mutation]
 55275 | Depths:2 | Lost mutation: Your health recovers twice as slowly from
                  | being drained. [potion of mutation]
 55275 | Depths:2 | Gained mutation: You are weak. (Str -2) [potion of
                  | mutation]
 55275 | Depths:2 | Lost mutation: You are weak. (Str -2) [potion of mutation]
 55276 | Depths:2 | Lost mutation: You are clumsy. (Dex -2) [potion of
                  | mutation]
 55276 | Depths:2 | Lost mutation: You occasionally shout uncontrollably at
                  | your foes. [potion of mutation]
 55276 | Depths:2 | Lost mutation: You possess an exceptional clarity of mind.
                  | [potion of mutation]
 55276 | Depths:2 | Gained mutation: You are partially covered in iridescent
                  | scales. (AC +2) [potion of mutation]
 55276 | Depths:2 | Gained mutation: You have large cloven feet. [potion of
                  | mutation]
 55276 | Depths:2 | Gained mutation: You occasionally lose the ability to drink
                  | potions when taking damage. [potion of mutation]
 55276 | Depths:2 | Gained mutation: Your spells are a little harder to cast,
                  | but a little more powerful. [potion of mutation]
 55278 | Depths:2 | Lost mutation: You are partially covered in iridescent
                  | scales. (AC +2) [potion of mutation]
 55278 | Depths:2 | Lost mutation: You have large cloven feet. [potion of
                  | mutation]
 55278 | Depths:2 | Lost mutation: You occasionally lose the ability to drink
                  | potions when taking damage. [potion of mutation]
 55278 | Depths:2 | Gained mutation: You have sharp toenails. [potion of
                  | mutation]
 55278 | Depths:2 | Gained mutation: Your magical capacity is low. (-10% MP)
                  | [potion of mutation]
 55278 | Depths:2 | Gained mutation: You have razor-sharp toenails. [potion of
                  | mutation]
 55623 | Depths:2 | Lost mutation: Your magical capacity is low. (-10% MP)
                  | [potion of mutation]
 55623 | Depths:2 | Lost mutation: Your spells are a little harder to cast, but
                  | a little more powerful. [potion of mutation]
 55623 | Depths:2 | Lost mutation: You have razor-sharp toenails. [potion of
                  | mutation]
 55623 | Depths:2 | Gained mutation: You are covered in fur. (AC +1) [potion of
                  | mutation]
 55623 | Depths:2 | Gained mutation: You are resistant to electric shocks.
                  | (rElec) [potion of mutation]
 56019 | Depths:3 | Found Plog's Armour Boutique.
 56031 | Depths:3 | Found a one-way gateway to a ziggurat.
 56424 | Depths:3 | Reached skill level 23 in Maces & Flails
 56508 | Depths:3 | Found a sparkling altar of Nemelex Xobeh.
 57190 | Depths:4 | Entered Level 4 of the Depths
 57530 | Depths:4 | Noticed a golden dragon
 57541 | Depths:3 | Killed a golden dragon
 58166 | Depths:4 | Found a gate to the Realm of Zot.
 58166 | Depths:4 | Noticed a golden dragon
 58166 | Depths:4 | Noticed a golden dragon
 58180 | Depths:4 | Killed a golden dragon
 58184 | Depths:4 | Killed a golden dragon
 58294 | Depths:4 | Reached XP level 24. HP: 260/265 MP: 32/32
 59275 | Zot:1    | Entered Level 1 of the Realm of Zot
 59280 | Zot:1    | Reached skill level 10 in Translocations
 59386 | Zot:1    | Reached skill level 24 in Maces & Flails
 59972 | Crypt:1  | Entered Level 1 of the Crypt
 60094 | Crypt:1  | Learned a level 4 spell: Passage of Golubria
 60386 | Crypt:1  | Noticed Bai Suzhen
 60387 | Crypt:1  | Killed Bai Suzhen
 61449 | Crypt:1  | Identified the +4 hand axe "Esimi" {vamp, rCorr Str+3}
 61508 | Crypt:1  | Noticed Jory
 61511 | Crypt:1  | Killed Jory
 61630 | Crypt:1  | Found a basalt altar of Yredelemnul.
 61866 | Crypt:1  | Noticed Saint Roka
 61868 | Crypt:1  | Killed Saint Roka
 62336 | Crypt:2  | Reached skill level 25 in Maces & Flails
 62495 | Crypt:2  | Noticed Boris
 62498 | Crypt:2  | Killed Boris
 62780 | Crypt:2  | Identified the ring "Jihack" {Ice Int+2 Stlth+}
 62780 | Crypt:2  | Noticed Josephina
 62791 | Crypt:2  | Killed Josephina
 62792 | Crypt:2  | Reached XP level 25. HP: 147/273 MP: 28/32
 63265 | Crypt:2  | Found a transporter.
 63267 | Crypt:2  | Noticed Omoexics's ghost (veteran DsGl)
 63268 | Crypt:2  | Noticed a dread lich
 63364 | Crypt:2  | Found a transporter.
 63405 | Crypt:2  | Identified the +5 mace "Ibrox" {drain, rF+}
 63642 | Crypt:2  | Identified the +6 hand axe of the Fortifying Queen {flame,
                  | *Rage rPois rF+}
 63935 | Crypt:3  | Entered Level 3 of the Crypt
 64066 | Crypt:3  | Reached skill level 26 in Maces & Flails
 64447 | Crypt:3  | Found a staircase to the Tomb.
 65078 | Crypt:3  | Found a basalt altar of Yredelemnul.
 65088 | Crypt:3  | Found an ancient bone altar of Kikubaaqudgha.
 65166 | Crypt:3  | Found the +7 lajatang of Order {silver, rMut}
 65238 | Crypt:3  | Got the Omnibus of the Catacomb
 65246 | Crypt:3  | Learned a level 5 spell: Summon Mana Viper
 65637 | Crypt:3  | Reached skill level 27 in Maces & Flails
 67384 | Zot:2    | Learned a level 6 spell: Summon Cactus Giant
 67419 | Zot:2    | Noticed a Killer Klown
 67426 | Zot:2    | Killed a Killer Klown
 67768 | Zot:2    | Reached XP level 26. HP: 247/286 MP: 25/35
 68347 | Zot:2    | Found a runed translucent door.
 68347 | Zot:2    | Found a shimmering altar of Xom.
 68348 | Zot:2    | Noticed bmb222's ghost (legendary OnSh)
 68883 | Zot:3    | Found a transporter.
 68883 | Zot:3    | Found a transporter.
 69217 | Zot:3    | Reached skill level 10 in Spellcasting
 69322 | Zot:3    | Found a transporter.
 69431 | Zot:3    | Found a transporter.
 69465 | Zot:3    | Found a transporter.
 69561 | Zot:3    | Found a transporter.
 69662 | Zot:3    | Found a runed translucent gate.
 69662 | Zot:3    | Found a runed translucent gate.
 69662 | Zot:3    | Found a runed translucent gate.
 69663 | Zot:3    | Noticed jestert79's ghost (master OnAl)
 71271 | Zot:5    | Entered Level 5 of the Realm of Zot
 72013 | Zot:5    | Noticed a Killer Klown
 72015 | Zot:5    | Killed a Killer Klown
 72015 | Zot:5    | Noticed an orb of fire
 72016 | Zot:5    | Noticed a Killer Klown
 72017 | Zot:5    | Gained mutation: You do not regenerate when monsters are
                  | visible. [an orb of fire]
 72018 | Zot:5    | Killed an orb of fire
 72023 | Zot:5    | Noticed a Killer Klown
 72032 | Zot:5    | Killed a Killer Klown
 72048 | Zot:5    | Killed a Killer Klown
 72201 | Zot:5    | Noticed an orb of fire
 72204 | Zot:5    | Gained mutation: You occasionally lose the ability to read
                  | scrolls when taking damage. [an orb of fire]
 72205 | Zot:5    | Killed an orb of fire
 72274 | Zot:5    | Reached XP level 27. HP: 306/306 MP: 38/38
 72413 | Zot:5    | Noticed an orb of fire
 72415 | Zot:5    | Noticed an orb of fire
 72415 | Zot:5    | Noticed an orb of fire
 72416 | Zot:5    | Killed an orb of fire
 72417 | Zot:5    | Killed an orb of fire
 72421 | Zot:5    | Gained mutation: You occasionally lose the ability to drink
                  | potions when taking damage. [an orb of fire]
 72424 | Zot:5    | Killed an orb of fire
 72587 | Zot:5    | Lost mutation: You are covered in fur. (AC +1) [potion of
                  | mutation]
 72587 | Zot:5    | Lost mutation: You have sharp toenails. [potion of
                  | mutation]
 72587 | Zot:5    | Lost mutation: You are resistant to electric shocks.
                  | (rElec) [potion of mutation]
 72587 | Zot:5    | Gained mutation: Your mind is acute. (Int +4, Str/Dex -1)
                  | [potion of mutation]
 72587 | Zot:5    | Gained mutation: Your spells are a little harder to cast,
                  | but a little more powerful. [potion of mutation]
 72588 | Zot:5    | Lost mutation: You occasionally lose the ability to read
                  | scrolls when taking damage. [potion of mutation]
 72588 | Zot:5    | Lost mutation: Your spells are a little harder to cast, but
                  | a little more powerful. [potion of mutation]
 72588 | Zot:5    | Lost dexterity.
 72588 | Zot:5    | Gained mutation: Your muscles are strong. (Str +4, Int/Dex
                  | -1) [potion of mutation]
 72588 | Zot:5    | Gained mutation: Your mind is very acute. (Int +8, Str/Dex
                  | -2) [potion of mutation]
 72615 | Zot:5    | Lost mutation: You do not regenerate when monsters are
                  | visible. [potion of mutation]
 72615 | Zot:5    | Lost mutation: Your muscles are strong. (Str +4, Int/Dex
                  | -1) [potion of mutation]
 72615 | Zot:5    | Gained mutation: Your spells are a little harder to cast,
                  | but a little more powerful. [potion of mutation]
 72615 | Zot:5    | Gained mutation: You have a pair of horns on your head.
                  | [potion of mutation]
 72616 | Zot:5    | Lost mutation: You occasionally lose the ability to drink
                  | potions when taking damage. [potion of mutation]
 72616 | Zot:5    | Lost mutation: You have a pair of horns on your head.
                  | [potion of mutation]
 72616 | Zot:5    | Gained mutation: Your muscles are strong. (Str +4, Int/Dex
                  | -1) [potion of mutation]
 72616 | Zot:5    | Gained mutation: You passively dampen the noise of your
                  | surroundings. [potion of mutation]
 72651 | Zot:5    | Noticed an ancient lich
 72653 | Zot:5    | Killed an ancient lich
 72701 | Zot:5    | Noticed an ancient lich
 72702 | Zot:5    | Killed an ancient lich
 72850 | Zot:5    | Got the Orb of Zot
 73467 | D:1      | Noticed Ysatuy the pandemonium lord
 73473 | Abyss:4  | Cast into level 4 of the Abyss (Ysatuy)
 73627 | Abyss:4  | Found a corrupted altar of Lugonu.
 73663 | D:1      | Escaped the Abyss
 73667 | D:$      | Escaped with the Orb!

Illustrated notes

Levels and vault maps discovered:
D:1:      moated_graveyard_arrival, layout_rooms
D:2:      layout_loops_ring, minmay_misc_feat_x
D:3:      cheibrodos_fertilizer, layout_loops_cross
D:4:      layout_loops_corners, minmay_temple_entry_butterflies,
          nicolae_elemental_shop, minivault_23
D:5:      layout_loops_ring, led_sif_book, grunt_temple_overflow_open,
          st_stairs_5, lemuel_flamethrower_2, uniq_duvessa
D:6:      layout_loops_ring, enter_ossuary_2, lightli_orcish_oven, uniq_maggie
D:7:      layout_loops_cross, eat_drink_and_be_merry_uskayaw,
          grunt_ministairs_1, nicolae_figureground_sparkle
D:8:      layout_loops_ring, minmay_lair_entry_lava, uniq_amaemon,
          uniq_prince_ribbit1
D:9:      layout_rooms, amcnicky_altar_gilded, st_stairs_3,
          nicolae_concentric_dashed_squares_wild, laboratory
D:10:     layout_basic, kennysheep_windowed_goal, uniq_fannar
D:11:     layout_irregular_city, david_orc_2, gauntlet_entry_generic,
          grunt_ministairs_7, marbit_kobold_abyssish
D:12:     layout_loops_ring
D:13:     layout_rooms, erik_vaults_1
D:14:     layout_loops_cross, serial_shops, shop, hangedman_decor_growths,
          st_stairs_6, minmay_st_funbox, grunt_ministairs_3
D:15:     grunt_enter_depths_snipers, layout_rooms, minmay_misc_feat_ornament,
          minmay_shop_mayhem, kb_tengu_band
Lair:1:   cheibrodos_lair_river_kwai, layout_regular_city
Lair:2:   layout_roguey, swamp_mist, lemuel_fruit_fields, serial_bayou_shore_a
Lair:3:   layout_chaotic_city, hellmonk_spider_entry_not_the_bees
Lair:4:   layout_regular_city, minmay_slime_entry_oklob_open,
          nicolae_volcano_entry_lava_flow, portal_ice_cave_entry_ice_simulacra
Lair:5:   guppyfry_lair_end_dragon, layout_cellular_growth,
          hangedman_lair_caniforms_friends
Swamp:1:  layout_basic_swamp, evilmike_swamp_ruin_house_6
Swamp:2:  layout_falls_marsh, serial_swamp_ruin, evilmike_swamp_ruin_house_5,
          evilmike_swamp_ruin_house_1, swamp_pool_4, infiniplex_staircase_pool
Swamp:3:  layout_basic_swamp, evilmike_swamp_ruin_house_3
Swamp:4:  grunt_swamp_rune_castle, layout_basic_swamp
Spider:1: layout_spider_delve, hellmonk_motheaten_closet, uniq_kirke
Spider:2: layout_spider_delve, special_room [special_room_bee],
          nicolae_spider_cling_halls
Spider:3: layout_spider_delve, hellmonk_narrow_tunnel, uniq_arachne
Spider:4: guppyfry_spider_rune
Orc:1:    layout_diamond_mine, basic_altar, mines1_david, uniq_snorg,
          uniq_jorgrun, uniq_erica
Orc:2:    pf_orc_diabolical, layout_caves, ebering_ghost_reflecting_pool,
          uniq_azrael
Vaults:1: portal_desolation_entry_nicolae_nacl,
          nicolae_vaults_oval_intersection, nicolae_vaults_security_offices_3,
          v_misc_3, vaults_room_door_ring, hangedman_vaults_impose,
          vaults_dpeg_emergency_exit, ontoclasm_vaults_pinch,
          layout_vaults_chaotic_city, serial_shops, shop
Vaults:2: nicolae_vaults_cornered_office, nicolae_vaults_border_crossing,
          v_alt_pattern_1, nicolae_vaults_circle_grid_a,
          vaults_standard_mumra_lines, nicolae_vaults_diamond_2, v_misc_23,
          hangedman_vaults_capsules, v_alt_pattern_2,
          nicolae_vaults_sesquioval_fish, layout_vaults_omnigrid, uniq_xtahua
Vaults:3: v_misc_5, nicolae_vaults_big_ls, grunt_vaults_trifunnel,
          nicolae_vaults_closet_pinwheel_5, v_misc_28, vaults_room_boxed,
          nicolae_vaults_security_offices_5, nicolae_vaults_tangram_1,
          blue_anna_dwarven_crypt, ontoclasm_vaults_ring_large,
          vaults_dpeg_diagonal, layout_vaults_omnibox,
          nicolae_trove_entry_isolated
Vaults:4: v_misc_24, nicolae_vaults_trapezoid_lopsided_3,
          nicolae_vaults_diamond_2, st_spiral_rooms, nicolae_vaults_wine_cellar,
          ontoclasm_vaults_hangar, nicolae_vaults_storage_closets_1,
          nicolae_vaults_prndl, v_alt_pattern_6, v_misc_25,
          nicolae_vaults_shrinking_rooms_1, nicolae_vaults_mini_display_case,
          nicolae_vaults_double_plus_2, nicolae_vaults_tetromino_T_1,
          layout_vaults_omnicross, serial_shops, nicolae_lakefront_shop
Vaults:5
Crypt:1:  lemuel_vampire_tower, layout_misc_corridors, uniq_bai_suzhen,
          uniq_saint_roka
Crypt:2:  layout_catacombs, gammafunk_ghost_mausoleum, uniq_margery,
          uniq_josephina, uniq_boris
Crypt:3:  lightli_unholy_cathedral, layout_chaotic_city,
          tomb_entry_sphere_bobbens, glass_columns_b, st_vampire_maze
Depths:1: layout_roguey, serial_library_hellmonk_room_c,
          hangedman_abyss_entry_splay, grunt_hell_entry_dis_old,
          serial_library_hellmonk_junction, solitary_fountain,
          grunt_ministairs_14, minmay_evil_grid
Depths:2: grated_community_mu [grated_community_mu_vampire_home,
          grated_community_mu_giant_home, grated_community_mu_spellcaster_home,
          grated_community_mu_orcish_home, grated_community_mu_troll_home,
          grated_community_mu_taur_home, grated_community_mu_unbuilt_plot],
          layout_gridlike, rand_demon_pan_entry_4, hell_entry, uniq_mara
Depths:3: minmay_spriggan_fort, layout_cave_pools, enter_ziggurat_e,
          hangedman_geh_valley, serial_shops, nicolae_shop_trees,
          nemelex_lonely_heart_becter, abyss_entry_glasseish
Depths:4: grunt_zot_entry_funnels, layout_cave_pools, lightli_too_deep,
          nicolae_lava_and_water
Zot:1:    layout_gridlike, hangedman_zot_decor_slant
Zot:2:    layout_cathedral_of_symmetry, ebering_ghost_xom, zot_minivault_4
Zot:3:    layout_onion_interference, gammafunk_ghost_tricky_traps,
          serial_nicolae_subway, nicolae_sub_station_crystal,
          nicolae_sub_station_metal, nicolae_sub_station_stone
Zot:4:    layout_gridlike
Zot:5:    layout_gridlike

Skill      XL: |  1  2  3  4  5  6  7  8  9 10 11 12 13 14 15 16 17 18 19 20 21 22 23 24 25 26 27 |
---------------+----------------------------------------------------------------------------------+-----
Fire Magic     | 3 |  3.0
Spellcasting   | 3 6 8 11 13 | 13.1
Maces & Flails | 4 5 6 7 9 11 13 16 17 19 20 22 23 25 27 | 27.0
Armour         | 1 2 3 5 7 8 9 10 11 13 14 15 16 17 18 19 20 | 20.9
Fighting       | 8 10 12 13 16 18 20 23 25 | 25.1
Air Magic      | 7 9 |  9.0
Summonings     | 5 8 10 11 12 | 12.0
Earth Magic    | 5 8 10 11 12 | 12.0
Necromancy     | 4 8 10 | 10.0
Translocations | 3 9 12 | 12.0
Hexes          | |  0.7

Action                     |  1- 3 |  4- 6 |  7- 9 | 10-12 | 13-15 | 16-18 | 19-21 | 22-24 | 25-27 || total
---------------------------+-------+-------+-------+-------+-------+-------+-------+-------+-------++-------
  Melee: Mace              |    30 |   136 |       |       |       |       |       |       |       ||   166
         Headbutt          |       |    11 |    60 |   100 |   188 |   325 |   299 |   194 |    24 ||  1201
         Morningstar       |       |    42 |   345 |       |       |       |       |       |       ||   387
         Punch             |       |     1 |     3 |       |       |       |       |       |       ||     4
         Giant spiked club |       |       |    78 |   467 |   931 |  1485 |   998 |   667 |    73 ||  4699
         Unarmed           |       |       |       |       |       |    12 |       |       |       ||    12
         Maul              |       |       |       |       |       |       |       |   352 |   630 ||   982
         Kick              |       |       |       |       |       |       |       |    86 |    29 ||   115
   Cast: Scorch            |    28 |       |       |       |       |       |     1 |       |       ||    29
         Swiftness         |       |       |       |       |       |     3 |     3 |     6 |     2 ||    14
         Animate Armour    |       |       |       |       |       |    28 |    79 |    85 |     9 ||   201
         Fugue of the Fall |       |       |       |       |       |       |    23 |    12 |       ||    35
         Borgnjor's Vile C |       |       |       |       |       |       |       |     1 |       ||     1
         Manifold Assault  |       |       |       |       |       |       |       |   177 |   334 ||   511
         Sublimation of Bl |       |       |       |       |       |       |       |     3 |    38 ||    41
 Invoke: Fiery Armour      |       |       |     1 |     2 |     2 |     2 |     1 |       |       ||     8
  Evoke: Wand              |       |       |     5 |       |     3 |    11 |     2 |       |     1 ||    22
    Use: Scroll            |     2 |       |    15 |    13 |    12 |     6 |     2 |     5 |     2 ||    57
         Potion            |       |     1 |     1 |       |       |    12 |     7 |    10 |     7 ||    38
   Stab: Distracted        |       |       |       |       |       |       |     3 |       |       ||     3
 Armour: Robe              |    34 |       |       |       |       |       |       |       |       ||    34
         Gold dragon scale |       |   179 |   422 |   400 |   885 |  2474 |  1364 |  1210 |   469 ||  7403
         Skin              |       |       |       |       |       |     4 |       |       |       ||     4
  Dodge: Dodged            |    20 |     3 |    18 |   120 |   179 |   339 |   171 |   141 |    72 ||  1063
  Block: Other             |       |     8 |   109 |   156 |   313 |   608 |   355 |   211 |    52 ||  1812
         Reflection        |       |       |     3 |     1 |    13 |    11 |    27 |    15 |       ||    70

Table legend: (Time is in decaauts)
 A = Elapsed time spent in this place.
 B = Non-inter-level travel time spent in this place.
 C = Inter-level travel time spent in this place.
 D = Time resting spent in this place.
 E = Time spent auto-exploring this place.
 F = Levels seen in this place.
 G = Mean time per level.
                   A        B        C        D        E       F      G
               +--------+--------+--------+--------+--------+-----+--------+
         Total |  73205 |  68319 |   4886 |  21364 |  30344 |  52 | 1407.8 |
       Dungeon |  15088 |  13622 |   1466 |   2327 |   8539 |  15 | 1005.9 |
          Lair |   6756 |   6165 |    591 |    816 |   3650 |   5 | 1351.2 |
         Swamp |   4311 |   4075 |    236 |   1674 |   1372 |   4 | 1077.8 |
   Spider Nest |   7426 |   7142 |    284 |   3202 |   1987 |   4 | 1856.5 |
  Orcish Mines |   3242 |   2897 |    345 |   1114 |   1050 |   2 | 1621.0 |
        Vaults |  13126 |  12317 |    809 |   4933 |   4783 |   5 | 2625.2 |
         Crypt |   6367 |   6213 |    154 |   2088 |   2860 |   3 | 2122.3 |
        Depths |   6423 |   5975 |    448 |   2015 |   2357 |   4 | 1605.8 |
           Zot |   7313 |   6765 |    548 |   2542 |   2607 |   5 | 1462.6 |
         Abyss |    169 |    169 |      0 |     41 |      0 |   1 |  169.0 |
       Ossuary |    332 |    332 |      0 |      0 |     96 |   1 |  332.0 |
      Ice Cave |    747 |    747 |      0 |    284 |    170 |   1 |  747.0 |
       Volcano |    358 |    358 |      0 |     72 |    154 |   1 |  358.0 |
    Desolation |   1542 |   1542 |      0 |    254 |    718 |   1 | 1542.0 |
               +--------+--------+--------+--------+--------+-----+--------+

Top non-repeatable levels by time:
Vaults:4: 5836 daAuts
Spider:3: 2997 daAuts
 Crypt:1: 2775 daAuts
Vaults:3: 2050 daAuts
Vaults:5: 2038 daAuts
 Crypt:3: 1907 daAuts
Depths:1: 1890 daAuts
Depths:4: 1885 daAuts
   Zot:2: 1884 daAuts
  Lair:3: 1852 daAuts
Vaults:2: 1772 daAuts
     D:5: 1711 daAuts
 Crypt:2: 1683 daAuts
 Swamp:3: 1677 daAuts
Depths:3: 1669 daAuts
